 Dungeon Crawl Stone Soup version bcrawl-1.19-7-g22fd707d3b (webtiles) character file.

Game seed: 11454060213572579699

262 Freyura the Twirler (level 5, -6/41 HPs)
             Began as a Demonspawn Gladiator on Nov 17, 2019.
             Mangled by a bullfrog (8 damage)
             ... on level 3 of the Dungeon.
             The game lasted 00:09:55 (3087 turns).

Freyura the Twirler (Demonspawn Gladiator)          Turns: 3087, Time: 00:09:55

Health: -6/41      AC: 11    Str: 14    XL:     5   Next: 97%
Magic:  5/5        EV: 11    Int:  9    God:
Gold:   240        SH:  0    Dex: 16    Spells: 4/4 levels left

rFire    . . .     SeeInvis .   a - +0 quarterstaff
rCold    . . .     Gourm    .   (shield currently unavailable)
rNeg     . . .     Faith    .   m - +0 scale mail
rPois    .         Spirit   .   (helmet restricted)
rElec    .         Reflect  .   (no cloak)
rCorr    .         Harm     .   (no gloves)
MR       .....     Rnd*Tele +   g - +2 pair of boots
Stlth    ..........             (no amulet)
HPRegen  0.13/turn              i - ring of teleportation
MPRegen  0.09/turn              (no ring)

@: no status effects
A: horns 1, iridescent scales 1
a: no special abilities


You were on level 3 of the Dungeon.
You were hungry.

You visited 1 branch of the dungeon, and saw 3 of its levels.
You also visited: Sewer.

You collected 240 gold pieces.

Inventory:

Hand Weapons
 a - a +0 quarterstaff (weapon)
Missiles
 d - 3 throwing nets (quivered) {!f}
Armour
 g - a +2 pair of boots (worn)
 m - a +0 scale mail (worn)
Jewellery
 i - a ring of teleportation (left hand)
Wands
 o - a wand of acid (9)
Scrolls
 b - a scroll of amnesia
 c - a scroll of immolation {unknown}
 h - 4 scrolls of remove curse
 j - 2 scrolls of fear {unknown}
 k - 2 scrolls of enchant armour
 p - a scroll of noise {unknown}
 t - 2 scrolls of teleportation
Potions
 e - 2 potions of curing {unknown}
 l - a potion of agility {unknown}
 n - a potion of haste {unknown}
 q - a potion of heal wounds {unknown}
 r - a potion of mutation {unknown}
 s - 4 potions of flight
Comestibles
 f - 7 rations {!d}


   Skills:
 + Level 3.3 Fighting
 * Level 4.3 Staves
 - Level 1.7 Throwing
 + Level 2.2 Armour
 + Level 3.5 Dodging


You had 4 spell levels left.
You didn't know any spells.
Your spell library was empty.

Dungeon Overview and Level Annotations

Branches:
Dungeon (3/12)

Altars:
Gozag


Innate Abilities, Weirdness & Mutations

You have a pair of small horns on your head.
You are partially covered in iridescent scales. (AC +2)


Message History

The bullfrog is severely wounded.
The orc hits you but does no damage. The bullfrog hits you.
You barely miss the bullfrog.
The bullfrog is severely wounded.
The bullfrog hits you but does no damage.
The orc barely misses you. The bullfrog hits you.
* * * LOW HITPOINT WARNING * * *
You barely miss the bullfrog.
The bullfrog is severely wounded.
The bullfrog closely misses you. The orc misses you.
You hit the bullfrog.
The bullfrog is severely wounded.
The bullfrog hits you!
* * * LOW HITPOINT WARNING * * *
The orc hits you but does no damage. The bullfrog barely misses you.
Your scale mail prevents you from hitting the bullfrog.
Your headbutt misses the bullfrog.
The bullfrog is severely wounded.
The bullfrog hits you!
You die...

..........)...
#..........#....#..
#..........#.......
.......#.......
...............
......#......
#...........
#........#
#..o@F..# #.......#
#.......# ####....#
###..# ..# .># ###


You could see a bullfrog and an orc.

Vanquished Creatures
  An orc priest (D:3)
  An orc wizard (D:2)
  A merfolk siren (Sewer)
  A merfolk avatar (Sewer)
  2 river rats (Sewer)
  2 oozes (D:2)
  4 worms
  2 dart slugs (D:2)
  12 leopard geckos
  4 orcs
  6 bats
  4 giant cockroaches
  5 goblins
  10 hobgoblins
  6 jackals (D:1)
  8 kobolds
  A quokka (D:3)
  5 ball pythons (Sewer)
  6 frilled lizards
  32 rats
113 creatures vanquished.

Notes
Turn   | Place    | Note
-------+----------+-------------------------------------------
     0 | D:1      | Freyura the Demonspawn Gladiator began the quest for the
                  | Orb.
     0 | D:1      | Reached XP level 1. HP: 16/16 MP: 1/1
    57 | D:1      | Gained mutation: You are partially covered in iridescent
                  | scales. (AC +2) [demonic ancestry]
    57 | D:1      | Reached XP level 2. HP: 16/22 MP: 2/2
   156 | D:1      | Reached skill level 3 in Staves
   370 | D:1      | Reached XP level 3. HP: 27/28 MP: 3/3
   390 | D:1      | Reached skill level 1 in Armour
  1127 | D:2      | HP: 1/28 [worm (3)]
  1560 | D:2      | Gained mutation: You have a pair of small horns on your
                  | head. [demonic ancestry]
  1560 | D:2      | Reached XP level 4. HP: 33/34 MP: 4/4
  1635 | D:2      | Found an opulent altar of Gozag.
  2178 | D:3      | Found a glowing drain.
  2201 | Sewer    | Entered a sewer
  2209 | Sewer    | Reached XP level 5. HP: 40/40 MP: 5/5
  2311 | Sewer    | Reached skill level 4 in Staves
  3086 | D:3      | HP: 2/41 [bullfrog (7)]
  3087 | D:3      | Mangled by a bullfrog

Skill      XL: |  1  2  3  4  5 |
---------------+----------------+-----
Staves         | 3 4 |  4.3
Armour         | 1 2 |  2.2
Dodging        | 3 |  3.5
Fighting       | 3 |  3.3
Throwing       | |  1.7

Action                   |  1- 3 |  4- 6 || total
-------------------------+-------+-------++-------
Melee: Quarterstaff      |   140 |   213 ||   353
       Headbutt          |       |    35 ||    35
  Use: Scroll            |       |     4 ||     4
 Stab: Sleeping          |     1 |       ||     1
  Eat: Chunk             |     2 |     5 ||     7
Armor: Leather armour    |    45 |       ||    45
       Scale mail        |     2 |    98 ||   100
Dodge: Dodged            |   113 |   126 ||   239
